[Event "Fagernes Chess GM-Swiss 2024"]
[Site "Fagernes"]
[Date "2024.03.28"]
[Round "6.34"]
[White "Brattgjerd, Isak Vinh"]
[Black "Zheng, Harry Z"]
[Result "1-0"]
[ECO "C96"]
[WhiteElo "2228"]
[BlackElo "2077"]
[Annotator "RC"]
[PlyCount "91"]
[EventDate "2024.03.25"]
[EventType "swiss"]
[EventCountry "NOR"]
[SourceTitle "playchess.com"]
[Source "ChessBase"]
[SourceQuality "1"]
[TimeControl "40/6000+30:2400+30"]

1. e4 e5 2. Nf3 Nc6 3. Bb5 a6 4. Ba4 Nf6 5. O-O Be7 6. Re1 b5 7. Bb3 d6 8. c3 O-O 9. h3 Na5 10. Bc2 c5 11. d4 Nd7 12. d5 Nb6 13. Nbd2 Nb7 14. c4 bxc4 15. Qe2 Na5 16. Nf1 Bd7 17. Bd2 c3 18. Bxc3 Na4 19. Ne3 Nxc3 20. bxc3 Qc7 21. c4 Rfb8 22. Kh1 Rb2 23. Qd3 Rab8 24. Rg1 R2b4 25. Qc3 f5 26. a3 R4b7 27. Nd2 fxe4 28. Bxe4 Nb3 29. Nxb3 Rxb3 30. Qc2 h6 31. Rgb1 Ba4 32. Qe2 Bd7 33. Rxb3 Rxb3 34. Bc2 Rb8 35. Qd3 Bf6 36. Qh7+ Kf8 37. Rf1 Qc8 38. f4 Ke7 39. fxe5 dxe5 40. d6+ Kxd6 41. Rd1+ Kc7 42. Nd5+ Kc6 43. Nxf6 Bxh3 44. Qe4+ Kb6 45. Nd5+ Ka7 46. Ne7 1-0

[Event "Fagernes Chess GM-Swiss 2024"]
[Site "Fagernes"]
[Date "2024.03.28"]
[Round "6.35"]
[White "Skotheim, Andreas"]
[Black "Holand, Per Fredrik"]
[Result "1-0"]
[ECO "B21"]
[WhiteElo "2214"]
[BlackElo "2068"]
[Annotator "RC"]
[PlyCount "75"]
[EventDate "2024.03.25"]
[EventType "swiss"]
[EventCountry "NOR"]
[SourceTitle "playchess.com"]
[Source "ChessBase"]
[SourceQuality "1"]
[TimeControl "40/6000+30:2400+30"]

1. e4 c5 2. Nc3 Nc6 3. Bb5 g6 4. Bxc6 dxc6 5. d3 Bg7 6. f4 Nf6 7. Nf3 O-O 8. O-O a5 9. a4 b6 10. Qe1 Ne8 11. Qh4 Nc7 12. Ng5 h6 13. Nf3 e6 14. Qf2 Na6 15. e5 Nb4 16. Ne4 Ba6 17. Nd6 f6 18. Qe2 fxe5 19. fxe5 Nd5 20. Qe4 Ne7 21. Qg4 Qd7 22. Bd2 Kh7 23. Qh3 Nf5 24. Ne4 Kg8 25. Kh1 c4 26. g4 cxd3 27. gxf5 dxc2 28. f6 Bxf1 29. Qxf1 Qd5 30. fxg7 Qxe4 31. gxf8=Q+ Rxf8 32. Ra3 Rd8 33. Re3 Qf5 34. Qe2 Qg4 35. Rd3 Rf8 36. Bxh6 g5 37. Qxc2 Rxf3 38. Rd8+ 1-0

[Event "Fagernes Chess GM-Swiss 2024"]
[Site "Fagernes"]
[Date "2024.03.28"]
[Round "6.36"]
[White "Shivika Rohilla"]
[Black "Aniruddh Chatterjee"]
[Result "1/2-1/2"]
[ECO "E04"]
[WhiteElo "2003"]
[BlackElo "2182"]
[Annotator "RC"]
[PlyCount "51"]
[EventDate "2024.03.25"]
[EventType "swiss"]
[EventCountry "NOR"]
[SourceTitle "playchess.com"]
[Source "ChessBase"]
[SourceQuality "1"]
[TimeControl "40/6000+30:2400+30"]

1. d4 Nf6 2. c4 e6 3. g3 d5 4. Nf3 dxc4 5. Bg2 c6 6. Ne5 Bb4+ 7. Bd2 Be7 8. e3 b5 9. b3 cxb3 10. axb3 Nd5 11. Nd3 a5 12. O-O O-O 13. Nc3 Bb7 14. e4 Nxc3 15. Bxc3 Nd7 16. e5 Qb6 17. Qg4 c5 18. Bxb7 Qxb7 19. Bxa5 b4 20. Nxc5 Bxc5 21. dxc5 Nxe5 22. Qxb4 Nf3+ 23. Kh1 Qc6 24. Qb6 Qe4 25. Qb4 Qc6 26. Qb6 1/2-1/2

[Event "Fagernes Chess GM-Swiss 2024"]
[Site "Fagernes"]
[Date "2024.03.28"]
[Round "6.37"]
[White "Anishka Vikram"]
[Black "Myagmarsuren, Evsuld"]
[Result "1/2-1/2"]
[ECO "D45"]
[WhiteElo "1995"]
[BlackElo "2138"]
[Annotator "NA RC"]
[PlyCount "59"]
[EventDate "2024.03.25"]
[EventType "swiss"]
[EventCountry "NOR"]
[SourceTitle "playchess.com"]
[Source "ChessBase"]
[SourceQuality "1"]
[TimeControl "40/6000+30:2400+30"]

1. d4 d5 2. c4 e6 3. Nc3 c6 4. e3 Nf6 5. Nf3 Nbd7 6. Qc2 Bd6 7. b3 O-O 8. Bd3 e5 9. cxd5 {[%emt 0:07:49] D45: Semi-Slav: 5 e3.} cxd5 10. Nb5 Bb8 (10... Bb4+ $11 {kam in Betracht.} 11. Bd2 Bxd2+ 12. Nxd2 e4) 11. dxe5 Nxe5 12. Nxe5 Bxe5 13. Bb2 Re8 14. Nd4 (14. Bxe5 $14 {ist eher angebracht.} Rxe5 15. O-O) 14... h6 15. O-O Bg4 16. h3 Rc8 17. Qd2 Bd7 18. Rac1 Ne4 19. Qe2 (19. Rxc8 $5 Bxc8 20. Qc2 $15) 19... a6 $11 20. Rxc8 Bxc8 21. Nf3 Bb8 22. Rd1 Bf5 23. Bc4 Be6 24. Bxd5 Bxd5 25. Qd3 Qe7 26. Qxd5 Nxf2 27. Qd4 Be5 28. Nxe5 Nxd1 29. Qxd1 f6 30. Ng4 1/2-1/2

[Event "Fagernes Chess GM-Swiss 2024"]
[Site "Fagernes"]
[Date "2024.03.28"]
[Round "6.38"]
[White "Skramstad, Oda Kofoed"]
[Black "Southcott-Moyers, Indy"]
[Result "1/2-1/2"]
[ECO "D26"]
[WhiteElo "1945"]
[BlackElo "2120"]
[Annotator "NA RC"]
[PlyCount "45"]
[EventDate "2024.03.25"]
[EventType "swiss"]
[EventCountry "NOR"]
[SourceTitle "playchess.com"]
[Source "ChessBase"]
[SourceQuality "1"]
[TimeControl "40/6000+30:2400+30"]

1. d4 d5 2. c4 e6 3. Nc3 Nf6 4. Bg5 dxc4 5. e3 c5 6. Nf3 cxd4 7. exd4 Be7 8. Bxc4 Nc6 9. O-O O-O 10. Re1 a6 (10... b6 $11) 11. Rc1 b5 12. Bb3 Bb7 13. Bxf6 Bxf6 14. d5 exd5 15. Nxd5 Na5 $11 16. Nxf6+ Qxf6 17. Ne5 Nxb3 18. Qxb3 Rad8 19. h3 Qg5 20. Nf3 Qf6 21. Ne5 Qg5 22. Nf3 Qf6 23. Ne5 1/2-1/2

[Event "Fagernes Chess GM-Swiss 2024"]
[Site "Fagernes"]
[Date "2024.03.28"]
[Round "6.39"]
[White "Thangavel, Gokul"]
[Black "Fiskaaen, Martin Holten"]
[Result "0-1"]
[ECO "D00"]
[WhiteElo "1990"]
[BlackElo "2118"]
[Annotator "NA RC"]
[PlyCount "48"]
[EventDate "2024.03.25"]
[EventType "swiss"]
[EventCountry "NOR"]
[SourceTitle "playchess.com"]
[Source "ChessBase"]
[SourceQuality "1"]
[TimeControl "40/6000+30:2400+30"]

1. d4 Nf6 2. Nc3 d5 3. Bf4 e6 4. e3 Bb4 5. f3 c5 6. dxc5 Nbd7 7. Qd2 O-O ({Much weaker is} 7... Nxc5 $6 8. a3 Bxc3 9. Qxc3 $11) (7... Bxc5 $15 8. Na4 Be7) 8. Bd6 Re8 9. Qd4 {[%emt 0:01:24] [#]} ({Günstiger ist} 9. Bb5 $11) 9... a5 $1 ({Reject} 9... Qa5 $6 10. a3 Bxc5 11. Bxc5 Qxc5 (11... Nxc5 12. b4 $16) 12. O-O-O $11) 10. a3 Bxc5 11. Bxc5 e5 12. Qd2 Nxc5 $17 13. O-O-O Qc7 14. Kb1 Rd8 15. g4 Be6 16. Bb5 d4 17. exd4 exd4 18. Na4 Nd5 19. Ne2 Nxa4 20. Bxa4 Ne3 21. Rc1 Nc4 22. Qf4 Qb6 23. Bb3 Nxa3+ 24. Ka2 Nxc2 0-1

[Event "Fagernes Chess GM-Swiss 2024"]
[Site "Fagernes"]
[Date "2024.03.28"]
[Round "6.40"]
[White "Vijayakumar, Rishi"]
[Black "Kaewpitakkun, Pantham"]
[Result "1/2-1/2"]
[ECO "A57"]
[WhiteElo "2156"]
[BlackElo "1989"]
[Annotator "RC"]
[PlyCount "100"]
[EventDate "2024.03.25"]
[EventType "swiss"]
[EventCountry "NOR"]
[SourceTitle "playchess.com"]
[Source "ChessBase"]
[SourceQuality "1"]
[TimeControl "40/6000+30:2400+30"]

1. d4 Nf6 2. c4 c5 3. d5 b5 4. cxb5 a6 5. e3 g6 6. Nc3 Bg7 7. e4 d6 8. a4 O-O 9. Bc4 axb5 10. Bxb5 Ba6 11. Bd2 Nfd7 12. Nf3 c4 13. Be3 Qa5 14. O-O Qb4 15. Bd4 Bxd4 16. Qxd4 Bxb5 17. axb5 Rxa1 18. Rxa1 Qxb2 19. Rb1 Qa3 20. b6 Nxb6 21. Rxb6 Qc1+ 22. Nd1 c3 23. Qxc3 Qxd1+ 24. Qe1 Qc2 25. Rb7 Re8 26. h3 Na6 27. Nd4 Qc8 28. Ra7 Nb4 29. Qd2 Qc5 30. Rb7 Na2 31. Nc6 Qc1+ 32. Qxc1 Nxc1 33. Rxe7 Rxe7 34. Nxe7+ Kf8 35. Nc8 Ne2+ 36. Kf1 Nc3 37. f3 f5 38. Nxd6 fxe4 39. fxe4 Ke7 40. Nc8+ Kd8 41. Nd6 Ke7 42. Nc4 Nxe4 43. Ke2 Nc3+ 44. Kf3 Nxd5 45. Ke4 Ke6 46. Nd2 h6 47. Nf1 Nf6+ 48. Kf3 g5 49. Ne3 h5 50. g3 Kf7 1/2-1/2

[Event "Fagernes Chess GM-Swiss 2024"]
[Site "Fagernes"]
[Date "2024.03.28"]
[Round "6.41"]
[White "Gandrud, Vegar Koi"]
[Black "Amundsen, Ask"]
[Result "1-0"]
[ECO "D25"]
[WhiteElo "2293"]
[BlackElo "2069"]
[Annotator "RC"]
[PlyCount "81"]
[EventDate "2024.03.25"]
[EventType "swiss"]
[EventCountry "NOR"]
[SourceTitle "playchess.com"]
[Source "ChessBase"]
[SourceQuality "1"]
[TimeControl "40/6000+30:2400+30"]

1. d4 d5 2. c4 dxc4 3. Nf3 Nf6 4. e3 b5 5. a4 b4 6. Bxc4 e6 7. O-O Be7 8. Qe2 O-O 9. b3 Bb7 10. Bb2 c5 11. Rd1 Qc7 12. Nbd2 Nbd7 13. Rac1 Rac8 14. Ba6 Qb6 15. Bxb7 Qxb7 16. Ne5 cxd4 17. Nxd7 Nxd7 18. Bxd4 Bf6 19. Nc4 Qa6 20. Bxf6 Nxf6 21. e4 Rfd8 22. Rxd8+ Rxd8 23. Rd1 Qc8 24. f3 Rxd1+ 25. Qxd1 Nd7 26. Qd2 a5 27. Kf1 Qc7 28. Nxa5 h6 29. Nc4 Qb7 30. Qd6 Kh7 31. Qe7 Qc6 32. Qxb4 Nc5 33. Qb6 Qc8 34. Nd6 Qa6+ 35. Qxa6 Nxa6 36. Nxf7 Nc5 37. a5 Nxb3 38. a6 Nd2+ 39. Ke2 Nc4 40. Nd8 e5 41. Nc6 1-0

[Event "Fagernes Chess GM-Swiss 2024"]
[Site "Fagernes"]
[Date "2024.03.28"]
[Round "6.42"]
[White "Joel Paul Ganta"]
[Black "Rasmussen, Casper"]
[Result "1-0"]
[ECO "C42"]
[WhiteElo "1993"]
[BlackElo "2244"]
[Annotator "RC"]
[PlyCount "119"]
[EventDate "2024.03.25"]
[EventType "swiss"]
[EventCountry "NOR"]
[SourceTitle "playchess.com"]
[Source "ChessBase"]
[SourceQuality "1"]
[TimeControl "40/6000+30:2400+30"]

1. e4 e5 2. Nf3 Nf6 3. Nxe5 d6 4. Nf3 Nxe4 5. d4 d5 6. Bd3 Bd6 7. O-O O-O 8. c4 c6 9. Nc3 Nxc3 10. bxc3 dxc4 11. Bxc4 Bf5 12. Re1 Nd7 13. Bb3 Qc7 14. h3 h6 15. Nh4 Bh7 16. Qf3 c5 17. Nf5 Bxf5 18. Qxf5 cxd4 19. cxd4 Bb4 20. Bxh6 Qd6 21. Re4 Qxh6 22. Qxd7 Qc6 23. Qxc6 bxc6 24. d5 Bc3 25. Rc1 cxd5 26. Bxd5 Rac8 27. Re7 a5 28. Kf1 Rc5 29. Bb3 Bb4 30. Rxc5 Bxc5 31. Rb7 g6 32. g4 Kg7 33. g5 Bd6 34. Kg2 Bf4 35. h4 Bd2 36. Kh3 Be1 37. Kg2 Bd2 38. a4 Be1 39. Kf3 Kg8 40. Kg2 Kg7 41. Kf1 Bd2 42. f3 Bb4 43. Kg2 Be1 44. Kh3 Kg8 45. Kg4 Kg7 46. f4 Bf2 47. h5 gxh5+ 48. Kxh5 Bd4 49. f5 Bc3 50. Kg4 Bd4 51. g6 Be5 52. Bxf7 Rb8 53. Ra7 Rb4+ 54. Kh5 Bd4 55. Rd7 Kf6 56. Be6 Bf2 57. Rf7+ Ke5 58. g7 Rh4+ 59. Kg6 Be3 60. Rb7 1-0

[Event "Fagernes Chess GM-Swiss 2024"]
[Site "Fagernes"]
[Date "2024.03.28"]
[Round "6.43"]
[White "Stai, Sondre"]
[Black "Akshit Kumar J"]
[Result "0-1"]
[ECO "B23"]
[WhiteElo "1842"]
[BlackElo "2172"]
[Annotator "RC"]
[PlyCount "80"]
[EventDate "2024.03.25"]
[EventType "swiss"]
[EventCountry "NOR"]
[SourceTitle "playchess.com"]
[Source "ChessBase"]
[SourceQuality "1"]
[TimeControl "40/6000+30:2400+30"]

1. e4 c5 2. Nc3 Nc6 3. Bb5 Nd4 4. Nf3 a6 5. Bd3 g6 6. Rb1 Nc6 7. a3 b5 8. O-O Bg7 9. Re1 d6 10. h3 Nf6 11. Bf1 O-O 12. d3 Bb7 13. g3 Rc8 14. Bg2 Nd7 15. Kh2 Nd4 16. Nh4 a5 17. Ne2 a4 18. f4 Qb6 19. b3 axb3 20. Nxd4 cxd4 21. cxb3 b4 22. a4 Rc7 23. Bd2 Ba6 24. Bf1 Rfc8 25. Rb2 e5 26. f5 Rc3 27. Bxc3 bxc3 28. Ra2 Nc5 29. fxg6 hxg6 30. Qf3 Qxb3 31. Rf2 c2 32. Rc1 Bxd3 33. Nf5 gxf5 34. exf5 Bxf1 35. Qg4 f6 36. h4 Nd3 37. h5 Nxf2 38. Qg6 Qf3 39. Rxf1 Ng4+ 40. Kh3 Qxf1+ 0-1

[Event "Fagernes Chess GM-Swiss 2024"]
[Site "Fagernes"]
[Date "2024.03.28"]
[Round "6.44"]
[White "Mihajlov, Svetoslav"]
[Black "Lien, Sebastian"]
[Result "1-0"]
[ECO "D36"]
[WhiteElo "2094"]
[BlackElo "1885"]
[Annotator "NA RC"]
[PlyCount "115"]
[EventDate "2024.03.25"]
[EventType "swiss"]
[EventCountry "NOR"]
[SourceTitle "playchess.com"]
[Source "ChessBase"]
[SourceQuality "1"]
[TimeControl "40/6000+30:2400+30"]

1. d4 d5 2. Nf3 Nf6 3. c4 e6 4. cxd5 exd5 5. Bg5 Be7 6. Nc3 h6 7. Bh4 c6 8. Qc2 O-O 9. e3 Re8 10. Bd3 Nbd7 11. O-O Ne4 12. Bxe7 Qxe7 13. Rae1 Ndf6 14. Ne5 {[%emt 0:04:11] D36: Queen's Gambit Declined: Exchange Variation: Main line (5 Bg5 c6 6 Qc2).} Nxc3 15. bxc3 c5 16. Qb2 g6 17. f3 (17. Qb1 $14) 17... Qc7 (17... Be6 $14) 18. e4 c4 19. Bb1 Be6 20. Qd2 Kg7 21. exd5 Bxd5 22. Qc2 $16 Kh8 23. Qd2 Kg7 24. h4 Rg8 25. Qf4 Nh5 26. Qh2 Nf6 27. g4 Rae8 28. Qg3 Nd7 29. f4 Kh8 30. g5 Nxe5 31. fxe5 h5 32. Rf6 Re6 33. Ref1 Rxf6 34. gxf6 Qd7 35. Rf4 Qa4 36. Rf1 Qd7 37. Kh2 Qg4 38. Qxg4 hxg4 39. Kg3 Be6 40. Be4 b5 41. h5 Bf5 42. Bxf5 gxf5 43. Rxf5 Rd8 44. e6 fxe6 45. Rxb5 Rf8 46. Kxg4 Rxf6 47. Rb8+ Kg7 48. Rb7+ Kh6 49. Rxa7 Rf2 50. Ra6 Rg2+ 51. Kf4 Kxh5 52. Rxe6 Rc2 53. Re3 Rxa2 54. Re5+ Kg6 55. Rc5 Ra4 56. Ke5 Kf7 57. Rc7+ Ke8 58. Kd5 1-0

[Event "Fagernes Chess GM-Swiss 2024"]
[Site "Fagernes"]
[Date "2024.03.28"]
[Round "6.45"]
[White "Gasland, Lukas Dominik"]
[Black "Havik, Victor"]
[Result "1/2-1/2"]
[ECO "D60"]
[WhiteElo "1985"]
[BlackElo "2078"]
[Annotator "NA RC"]
[PlyCount "107"]
[EventDate "2024.03.25"]
[EventType "swiss"]
[EventCountry "NOR"]
[SourceTitle "playchess.com"]
[Source "ChessBase"]
[SourceQuality "1"]
[TimeControl "40/6000+30:2400+30"]

1. d4 {[%emt 0:01:15] Ramirez Alvarez,Alejandro} Nf6 2. c4 e6 3. Nf3 d5 4. Nc3 Nbd7 5. Bg5 h6 6. Bh4 Be7 7. e3 O-O 8. Bd3 dxc4 9. Bxc4 a6 10. a4 {[%emt 0:01:00] The main line 10.a4 scores better than 10.0-0. D60: Queen's Gambit Declined: Classical: Unusual White 7th moves.} b6 11. O-O Bb7 12. Qe2 c5 13. Rfd1 Qe8 14. Rac1 Bd6 15. Rd2 $146 ({Predecessor:} 15. d5 e5 16. Bg3 Nh5 17. Ne4 Bb8 18. Bh4 f5 19. d6+ Kh8 20. Be7 fxe4 21. Nh4 {1-0 Girya,O (2450)-Kosteniuk,A (2527) Khanty-Mansiysk FIDE GP (Women) 2014 (7)}) 15... cxd4 16. Nxd4 Bb4 17. Bd3 Nd5 (17... Qe7 $11 {might be stronger.}) 18. Rdc2 Nxc3 19. bxc3 Be7 20. Bxe7 Qxe7 21. Rb2 Rfc8 $11 22. c4 Qa3 23. Rcb1 Nc5 24. Bc2 Nxa4 25. Ra2 Qxa2 26. Bh7+ Kxh7 27. Qxa2 Nc3 28. Qc2+ Be4 29. Qxc3 Bxb1 30. Qb3 Bg6 31. h4 e5 32. Nf3 f6 33. g4 a5 34. g5 a4 35. Qa3 Rc5 36. gxf6 gxf6 37. Kh2 h5 38. Nd2 Ra7 39. Qb4 Rc6 40. Qb5 Rd6 41. Qb4 Rxd2 42. Qxd2 a3 43. Qa2 Kh8 44. f4 exf4 45. exf4 Bf7 46. Qa1 a2 47. Qxf6+ Kh7 48. Qa1 Bxc4 49. f5 b5 50. f6 b4 51. Qd1 a1=Q 52. Qxh5+ Kg8 53. Qe8+ Kh7 54. Qh5+ 1/2-1/2

[Event "Fagernes Chess GM-Swiss 2024"]
[Site "Fagernes"]
[Date "2024.03.28"]
[Round "6.46"]
[White "Okuno Okuno, Rion"]
[Black "Evenshaug, Amadeus Hestvik"]
[Result "1/2-1/2"]
[ECO "B42"]
[WhiteElo "1981"]
[BlackElo "2035"]
[Annotator "NA RC"]
[PlyCount "92"]
[EventDate "2024.03.25"]
[EventType "swiss"]
[EventCountry "NOR"]
[SourceTitle "playchess.com"]
[Source "ChessBase"]
[SourceQuality "1"]
[TimeControl "40/6000+30:2400+30"]

1. e4 c5 2. Nf3 e6 3. d4 cxd4 4. Nxd4 a6 5. Bd3 Qc7 6. O-O Nf6 7. c4 d6 8. Nc3 b6 9. Qe2 Be7 10. f4 {[%emt 0:01:54] The main line 10.f4 scores better than 10.Be3.} Nbd7 11. Nb3 {[%emt 0:03:43] B42: Sicilian: Kan Variation: 5 Bd3.} Bb7 12. Be3 Rc8 13. Rac1 O-O 14. g4 Nc5 15. Nxc5 bxc5 (15... dxc5 $14 16. e5 Nd7) 16. g5 Nd7 17. Qg4 $146 ({Predecessor:} 17. f5 Rfe8 18. g6 hxg6 19. fxg6 fxg6 20. Qg4 Bf6 21. Bf4 Bd4+ 22. Kh1 Nf6 23. Qxg6 {0-1 Nilsson,W (1976)-Nukin,T (2171) Wch Seniors 65 28th 2018 (3)}) 17... Rfe8 18. Rce1 Bf8 19. Rf3 (19. h4 $14) 19... g6 20. Rh3 $11 f5 21. Qh4 Nb6 22. Bf2 Qf7 23. Rhe3 Bg7 24. e5 d5 25. Rh3 Bf8 26. b3 Rc7 27. Bf1 Qd7 28. Qg3 Rd8 29. Rd1 Qc8 30. cxd5 Nxd5 31. Bc4 Rcd7 32. Nxd5 Bxd5 33. Bxd5 Rxd5 34. Rxd5 Rxd5 35. Qc3 Rd1+ 36. Kg2 Qc6+ 37. Rf3 Qd5 38. Kg3 Rd2 39. a3 Be7 40. a4 Kf7 41. Be1 Rd1 42. Bf2 Ke8 43. Qc2 Kd7 44. Qe2 Rb1 45. Qc2 Rd1 46. Qe2 Rb1 1/2-1/2

[Event "Fagernes Chess GM-Swiss 2024"]
[Site "Fagernes"]
[Date "2024.03.28"]
[Round "6.47"]
[White "Lilliehook, Victor"]
[Black "Elsness, Fredrik Valstad"]
[Result "0-1"]
[ECO "B14"]
[WhiteElo "2060"]
[BlackElo "1873"]
[Annotator "NA RC"]
[PlyCount "112"]
[EventDate "2024.03.25"]
[EventType "swiss"]
[EventCountry "NOR"]
[SourceTitle "playchess.com"]
[Source "ChessBase"]
[SourceQuality "1"]
[TimeControl "40/6000+30:2400+30"]

1. e4 c6 2. d4 d5 3. exd5 cxd5 4. c4 Nf6 5. Nc3 e6 6. c5 Be7 7. Bb5+ Bd7 8. Bxd7+ Qxd7 9. b4 b6 10. Rb1 a5 11. Na4 Bd8 12. b5 ({And not} 12. Nxb6 Bxb6 13. cxb6 axb4 $11) ({Not} 12. cxb6 axb4 13. Rxb4 Ne4 $11) 12... O-O 13. c6 (13. Nxb6 Bxb6 14. cxb6 Rc8) 13... Qd6 14. Qf3 ({White should try} 14. Nf3 $18) 14... Nxc6 15. bxc6 Qxc6 16. Qb3 Be7 17. Nf3 b5 $16 18. Nc5 Bxc5 19. dxc5 b4 20. Be3 Ne4 21. O-O Nc3 22. Rb2 Qc7 23. Bd4 Nb5 24. Qe3 Nxd4 25. Qxd4 f6 26. Re1 Qc6 27. Rd2 Rad8 28. Nh4 e5 29. Nf5 Rd7 30. Qg4 Rfd8 31. Rc1 d4 32. h4 Kh8 33. h5 a4 34. Qg3 g6 35. hxg6 hxg6 36. Qxg6 Rg8 37. Qh6+ Rh7 38. Qxh7+ Kxh7 39. f3 Qxf3 40. Rf2 Qb7 41. c6 Qc7 42. Rf3 Rb8 43. Rg3 e4 44. Rc5 b3 45. Nd6 f5 46. Rh3+ Kg8 47. Rg3+ Kf8 48. Rxf5+ Ke7 49. Rg7+ Kxd6 50. Rf6+ Ke5 51. Rxc7 bxa2 52. Rf1 Rb1 53. Re7+ Kd6 54. c7 Rxf1+ 55. Kh2 Rh1+ 56. Kg3 Rh8 0-1

[Event "Fagernes Chess GM-Swiss 2024"]
[Site "Fagernes"]
[Date "2024.03.28"]
[Round "6.48"]
[White "Rynning, Rune Kleiven"]
[Black "Makka, Ioulia"]
[Result "0-1"]
[ECO "B06"]
[WhiteElo "1813"]
[BlackElo "1983"]
[Annotator "NA RC"]
[PlyCount "108"]
[EventDate "2024.03.25"]
[EventType "swiss"]
[EventCountry "NOR"]
[SourceTitle "playchess.com"]
[Source "ChessBase"]
[SourceQuality "1"]
[TimeControl "40/6000+30:2400+30"]

1. e4 g6 2. d4 Bg7 3. Nc3 d6 4. Be3 Nd7 5. Qd2 a6 6. h4 h5 7. Nh3 c5 8. Ng5 b5 $2 (8... cxd4 $14 9. Bxd4 Bxd4 10. Qxd4 Ngf6) 9. O-O-O c4 10. e5 Nb6 11. e6 fxe6 12. d5 e5 13. f4 exf4 $15 14. Bxf4 Nh6 15. Re1 Nf5 16. Ne6 Bxe6 17. Rxe6 Kf7 18. Ne4 Bf6 19. Ng5+ Kg8 20. g3 Na4 21. c3 Nc5 22. Re1 Rb8 23. Ne6 Nxe6 24. Rxe6 Ng7 25. Re1 a5 26. Bg5 Kh7 27. Bh3 Rf8 28. Bxf6 exf6 29. g4 Re8 30. gxh5 Nxh5 31. Be6 Rb7 32. Reg1 Rg7 33. Rg2 Qb6 34. Rhg1 Ree7 35. Rg4 f5 36. Rg5 f4 37. R1g4 Qe3 38. Qxe3 fxe3 39. Kd1 Nf6 40. Rg2 Ne4 41. Rxg6 e2+ 42. Ke1 Rxg6 43. Bf5 Nc5 44. h5 Nd3+ 45. Bxd3 cxd3 46. hxg6+ Kg7 47. Rg1 Re3 48. Kd2 Rf3 49. Re1 Kxg6 50. b4 axb4 51. cxb4 Rf1 52. a4 bxa4 53. b5 Rxe1 54. Kxe1 a3 0-1

[Event "Fagernes Chess GM-Swiss 2024"]
[Site "Fagernes"]
[Date "2024.03.28"]
[Round "6.49"]
[White "Juodziukynas, Aidas"]
[Black "Valcu, Lavinia"]
[Result "0-1"]
[ECO "B14"]
[WhiteElo "1893"]
[BlackElo "2070"]
[Annotator "NA RC"]
[PlyCount "112"]
[EventDate "2024.03.25"]
[EventType "swiss"]
[EventCountry "NOR"]
[SourceTitle "playchess.com"]
[Source "ChessBase"]
[SourceQuality "1"]
[TimeControl "40/6000+30:2400+30"]

1. d4 g6 2. c4 Bg7 3. Nf3 d6 4. Nc3 c5 5. e3 cxd4 6. exd4 Nf6 7. Be2 O-O 8. O-O d5 9. Bg5 dxc4 10. Bxc4 Nbd7 {[%emt 0:02:01] B14: Caro-Kann: Panov-Botvinnik Attack with 5...e6 and 5...g6.} 11. Re1 Nb6 12. Bb3 h6 13. Bh4 g5 14. Bg3 Bg4 15. Qd3 e6 16. Ne5 Bf5 17. Qf3 Nbd5 18. Nxd5 Nxd5 19. h3 a5 20. Rac1 Nb4 21. Red1 a4 22. Bc4 Nd5 23. a3 Ra5 $14 (23... Rc8 $11) 24. b4 axb3 25. Qxb3 Qa8 26. Ra1 Qa7 27. a4 Ra8 28. Bb5 Nb6 29. Rd2 Be4 30. Rb2 Bd5 31. Qd1 Nxa4 32. Qh5 Rf8 33. Be8 Nxb2 34. Bxf7+ Kh7 35. Qg6+ Kh8 36. Rxa5 Qxa5 37. Nd7 Qe1+ 38. Kh2 Qe4 39. Qxe4 Bxe4 40. Nxf8 Bxf8 41. Bxe6 b5 42. f3 Bg6 43. Kg1 Nc4 44. Kf1 Bd3+ 45. Ke1 b4 46. Kd1 b3 47. Be5+ Nxe5 48. Bxb3 Nc4 49. Ke1 Bg7 50. Kf2 Bxd4+ 51. Kg3 Kg7 52. h4 Be5+ 53. Kh3 Bf5+ 54. g4 Bd3 55. hxg5 hxg5 56. Kg2 Kf6 0-1

[Event "Fagernes Chess GM-Swiss 2024"]
[Site "Fagernes"]
[Date "2024.03.28"]
[Round "6.50"]
[White "Bech, Havard Eriksen"]
[Black "Sachi Jain"]
[Result "0-1"]
[ECO "D37"]
[WhiteElo "1951"]
[BlackElo "1992"]
[Annotator "NA RC"]
[PlyCount "132"]
[EventDate "2024.03.25"]
[EventType "swiss"]
[EventCountry "NOR"]
[SourceTitle "playchess.com"]
[Source "ChessBase"]
[SourceQuality "1"]
[TimeControl "40/6000+30:2400+30"]

1. d4 d5 2. c4 e6 3. Nf3 Nf6 4. Nc3 Be7 5. Bf4 O-O 6. e3 b6 7. Bd3 Bb7 {[%emt 0:00:06] 7...Ba6 is the recent fashion.} 8. cxd5 exd5 9. O-O Re8 {[%emt 0:03:54] D37: Queen's Gambit Declined: 5 Bf4.} 10. Ne5 c6 11. Qf3 Nbd7 12. Rad1 $146 ({Predecessor:} 12. Qh3 h6 13. Qf5 a6 14. Ng4 Bf8 15. Be5 g6 16. Nxf6+ Nxf6 17. Qxf6 Qxf6 18. Bxf6 {1-0 Da Rocha,S-Borin,C Brasilia open 1987 (3)}) 12... Nf8 13. g4 Bd6 14. Qg3 Bxe5 15. Bxe5 Ng6 16. Bc7 Qe7 17. Bd6 Qd8 18. Bc7 Qe7 19. Bd6 Qd8 20. b4 Nxg4 21. Kh1 Nf6 $17 22. Rg1 Nh5 23. Qg4 Nf6 24. Qg3 Nh5 25. Qg4 Qxd6 26. Qxh5 Qf6 27. Rg3 Nf8 28. Rf3 g6 29. Rxf6 gxh5 30. Rg1+ Ng6 31. Rf5 h4 32. Rh5 a5 33. b5 cxb5 34. Nxb5 Re7 35. a4 Bc6 36. Rc1 Bxb5 37. Bxb5 Rd8 38. Be2 Nf4 39. Rg5+ Kf8 40. Rcg1 Ng6 41. Bf3 Red7 42. Rb1 Rd6 43. Rb5 Ne7 44. Rg1 Rf6 45. Bg4 Rdd6 46. f3 Rc6 47. Rgb1 Rg6 48. Bh3 f5 49. Bf1 Rge6 50. R5b3 Kf7 51. Bd3 Rxe3 52. Bb5 Rxb3 53. Rxb3 Re6 54. Bd7 Rd6 55. Bb5 f4 56. Bd3 h6 57. Kg2 Re6 58. Bh7 Kg7 59. Bb1 Kf6 60. Kh3 Nc6 61. Rxb6 Nxd4 62. Rb8 Nxf3 63. Kg4 Nd2 64. Kxf4 Nxb1 65. Rxb1 Re4+ 66. Kf3 Rxa4 0-1

[Event "Fagernes Chess GM-Swiss 2024"]
[Site "Fagernes"]
[Date "2024.03.29"]
[Round "7.1"]
[White "Kulaots, Kaido"]
[Black "Jumabayev, Rinat"]
[Result "0-1"]
[ECO "C67"]
[WhiteElo "2534"]
[BlackElo "2598"]
[Annotator "TA"]
[PlyCount "56"]
[EventDate "2024.03.25"]
[EventType "swiss"]
[EventCountry "NOR"]
[SourceTitle "playchess.com"]
[Source "ChessBase"]
[SourceQuality "1"]
[TimeControl "40/6000+30:2400+30"]

1. e4 e5 2. Nf3 Nc6 3. Bb5 Nf6 4. O-O Nxe4 5. Re1 Nd6 6. a4 Be7 7. Nc3 e4 8. Nxe4 {[%emt 0:00:47] Die Stellung ist ausgeglichen.} Nxe4 9. Rxe4 d5 10. Re1 O-O 11. d4 Bg4 12. c3 Bd6 13. h3 Bh5 14. g3 Re8 15. Rxe8+ Qxe8 16. Bd3 Bg6 17. Bxg6 hxg6 18. Qb3 Qe4 19. Nd2 Qe1+ 20. Kg2 $2 {[%emt 0:01:39][%mdl 8192] [#]} (20. Nf1 $15) 20... Bxg3 $1 $19 21. Kxg3 (21. fxg3 Re8) 21... Qg1+ 22. Kf3 {[%emt 0:02:53] [#]} Re8 $1 23. Qb5 Qh1+ 24. Kg3 {[%emt 0:00:25][%cal Ob5f1] Droht Qf1! und aus.} Qg1+ 25. Kf3 {[%emt 0:00:18] [#]} Re1 {[%emt 0:01:18] Es drohte Qf1. ( -> ...Qh1+)} 26. Qxb7 Qh1+ {[%emt 0:03:06] Schwarz setzt Matt.} (26... Rxc1 $2 {geht unter.} 27. Rxc1 Qxc1 28. Ke2 $18 (28. Qxc6 Qxd2 29. Qxd5 Qxb2 $14)) 27. Kg3 Rg1+ (27... Rxc1 $2 {zu gefräßig.} 28. Nf3 f6 (28... Rxa1 29. Qa8+) 29. Rxc1 Qxc1 30. Qxc6 $18) 28. Kf4 {[%emt 0:00:11] [#]} Qxh3 $1 {[%emt 0:00:22] Gewichteter Fehlerwert: Weiß=1.15/Schwarz=0.38.  Verlustzug:     	Weiß=1     	---        Ungenau:       	Weiß=3     	---        OK:         	Weiß=6     	Schwarz=7     Bester:       	Weiß=1     	Schwarz=1     Brilliant:      	---       	Schwarz=1} 0-1